Unix xNetHack Version 8.0.0 - last build Jun 13 2023 01:05:28 (4b7ecc64c373f7294607d497be3f7ce1783331ac). Game began 2023-10-05 12:05:05, ended 2023-10-20 13:33:05. breadmaster, lawful female human Samurai ------------------------ |.................%@f./| |..-------------------%| ----.| ----- |.| |..|.-- --...| |.| |.....|--|..`.| |.| |..[..|..|....| |%| --....|.%...`-- |.| |.......|...| ------|.| |....|..|...| --|.....|.| |....---|...| |%-$$...|.| |.......|..-- |-|$$$..|%| ----....|.-- |.-$$.*.%%| ---.--.| |-|=$$..|-- |.....| |?-$$$!.| |>.|..| --|$$$..| ------- ------- Breadmaster the Joshu St:18 Dx:15 Co:17 In:8 Wi:9 Ch:7 Lawful S:22028 Dlvl:5 $:39 HP:0(99) Pw:40(40) AC:1 Xp:10/5246 T:9094 Satiated Latest messages: Your splint mail deflects the ape's attack. The ape misses! The ape bites! You hack the ape! The ape punches you! The ape punches you! The ape misses! You kill the ape! You hear a crunching sound. Pick an object. You hear a crunching sound. You hear a sound reminiscent of an elephant stepping on a peanut. You hear a crunching sound. You hear a crunching sound. You rend the owlbear! The owlbear claws you! The owlbear claws you! You kill the owlbear! Welcome to experience level 10. You see here an owlbear corpse. You see here an owlbear corpse. You see here a wand of secret door detection. o - a blessed elven arrow {1}. d - 4 +0 ya (in quiver) {4} (35 in total). o - 5 blessed elven arrows {5} (6 in total). You slash the vampire bat! The vampire bat bites! The vampire bat bites again! You kill the vampire bat! You see here a rothe corpse. You hear a sound reminiscent of a seal barking. You see here an owlbear corpse. You hear a crunching sound. You see here an owlbear corpse. The panther claws you! The panther claws you! The panther bites! You lacerate the panther! The panther hits! The panther misses! The panther misses! You gash the panther! The panther claws you! The panther claws you! The panther misses! The panther claws you! The panther claws you! The panther bites! You die... Do you want your possessions identified? [ynq] (y) q Inventory: Inventory: 902/925 weight (37/52 slots) Coins $ - 39 gold pieces {1} Weapons o - 6 blessed +1 elven arrows {6} d - 35 +0 ya (in quiver) {35} c - a +0 yumi (alternate weapon; not wielded) {30} D - the blessed rustproof +1 Excalibur (weapon in hand) {40} Armor n - an uncursed +0 orcish helm (being worn) {23} O - an uncursed +0 pair of leather yugake (being worn) {8} X - a blessed +0 pair of speed boots (being worn) {15} I - an uncursed +0 Hawaiian shirt with a flamingo motif (being worn) {4} e - an uncursed rustproof +0 splint mail (being worn) {300} Comestibles h - an uncursed lizard corpse {10} Scrolls P - an uncursed scroll of create monster {5} j - an uncursed scroll of earth {5} g - a cursed scroll of earth {5} Q - an uncursed scroll of enchant armor {5} s - 3 uncursed scrolls of remove curse {15} Potions f - an uncursed potion of full healing {20} L - an uncursed potion of healing {20} U - a cursed potion of sleeping {20} w - a potion of holy water {20} K - a potion of unholy water {20} Rings t - a blessed +1 ring of carrying {3} l - an uncursed ring of searching {3} b - an uncursed ring of stealth {3} q - a cursed ring of teleportation {3} Wands F - a wand of create monster (0:13) {7} A - a wand of digging (0:7) {7} a - a wand of fire (0:6) {7} R - a wand of light (0:7) {7} v - a wand of make invisible (0:5) {7} i - a wand of slow monster (0:4) {7} p - a wand of striking (0:7) {7} Tools G - an uncursed sack containing 7 items {171} u - an uncursed tooled horn {18} H - a magic marker (0:44) {2} m - an uncursed oil lamp {20} y - an uncursed osaku {4} J - a +0 unicorn horn {20} Contents of the sack: 1741 gold pieces an uncursed slime mold 3 uncursed gunyoki 2 uncursed oranges 3 uncursed tripe rations 3 uncursed lizard corpses an uncursed lizard corpse Breadmaster the Samurai's attributes: Background: You were a Joshu, a level 10 female human Samurai. You were lawful, on a mission for Amaterasu Omikami who was opposed by Raijin (neutral) and Susanowo (chaotic). You were heterosexual. You were in Sokoban, on level 5. You entered the dungeon 9094 turns ago. You had 5246 experience points, 4754 more were needed to attain level 11. Your score was 22028 before end-of-game adjustments. Basics: You had 0 out of 99 hit points. You had all 40 energy points (spell power). Your armor class was 1. Your wallet contained 39 zorkmids, and you had 1741 more stashed away in your pack. Autopickup was off. Final Characteristics: Your strength was 18 (limit:18/100). Your dexterity was 15 (peak:16, limit:18). Your constitution was 17 (peak:18, limit:18). Your intelligence was 8 (limit:18). Your wisdom was 9 (limit:18). Your charisma was 7 (limit:18). Final Status: You were satiated. You were unencumbered. You were wielding a long sword. You had expert skill with long sword. Final Attributes: You were piously aligned. You were level-drain resistant. You were telepathic. You had automatic searching. You were warded. You were very fast. You are dead. Miscellaneous: You never encountered a bones level. Total elapsed playing time was 8 hours, 51 minutes and 6 seconds. Major events: Turn 1: breadmaster the lawful female human Samurai entered the dungeon 945: attained the rank of Ronin (level 3) 1065: entered the Gnomish Mines 2674: attained the rank of Kunoichi (level 6) 4974: entered Sokoban 5909: was given Excalibur by the Lady of the Lake 7496: completed 1st Sokoban level 7881: completed 2nd Sokoban level 8199: completed 3rd Sokoban level 8905: completed 4th Sokoban level 9042: attained the rank of Joshu (level 10) 9094: killed by a panther Vanquished creatures: a queen bee 2 giant mimics a long worm a water demon 7 small mimics a glass piercer a warhorse 3 xans a pyrolisk a large cat an ochre jelly a red naga a python 2 pit vipers a carnivorous ape an ettin zombie a soldier 2 giant beetles a cockatrice a wolf a lynx 2 gremlins 3 leprechauns an iron piercer a horse 2 vampire bats an orc mummy 2 owlbears 3 yetis a gold golem 4 lizards a jaguar a gray unicorn 2 ravens a plains centaur a snake 2 apes a quasit a wood nymph a bugbear a rock piercer a pony a fog cloud a yellow light a shrieker a black mold 3 gnome leaders 2 gnomish wizards a barrow wight an elf zombie a straw golem a paper golem 4 giant ants 4 little dogs a floating eye a kitten 2 dwarves 2 kobold shamans 2 hill orcs 2 rothes a giant bat 4 dwarf zombies a wererat 2 iguanas 20 killer bees a gas spore a hobbit a large kobold a hobgoblin 2 cave spiders a yellow mold a green mold 2 red molds 28 gnomes 5 garter snakes 4 geckos 4 jackals a fox 4 goblins 8 grid bugs a lichen 2 kobold zombies 6 newts 197 creatures vanquished. No species were genocided or became extinct. Voluntary challenges: You read items or engraved 14 times. You never genocided any monsters. You never polymorphed an object. You never changed form. You used no wishes. You never scared an enemy with impunity. You were celibate. You never generated conflict. You did not violate any of the special Sokoban rules. Achievements: You entered a shop. You attained the rank of Ronin. You entered the Gnomish Mines. You entered a temple. You attained the rank of Kunoichi. You entered Sokoban. You attained the rank of Joshu. Dungeon overview: The Dungeons of Doom: levels 1 to 15 Level 1: A sink, a grave. Level 2: A scroll shop. Level 3: Level 4: A tree. Stairs down to The Gnomish Mines. Level 5: A health food store. Level 6: A fountain, a sink. Level 7: Level 8: Some fountains. Oracle of Delphi. Level 9: Stairs up to Sokoban, level 8. Level 10: Level 11: An altar to Amaterasu Omikami. Level 12: An armor shop, a fountain. Level 13: Many fountains. Level 14: Some fountains, a tree. Level 15: Summoned by Lord Sato. The Gnomish Mines: levels 5 to 8 Level 5: Level 6: Level 7: Level 8: Many shops, a temple, some fountains. Sokoban: levels 8 up to 5 Level 5: <- You were here. Solved. Final resting place for you, killed by a panther. Level 6: Solved. Level 7: Solved. Level 8: Solved. Game over: __________ / \ / REST \ / IN \ / PEACE \ / \ | breadmaster | | 1780 Au | | killed by a | | panther | | | | | | 2023 | *| * * * | * _________)/\\_//(\/(/\)/\//\/|_)_______ Sayonara breadmaster the Samurai... You died in Sokoban on dungeon level 5 with 21850 points, and 1780 pieces of gold, after 9094 moves. You were level 10 with a maximum of 99 hit points when you died.